Map: Kairos Junction LE

Players

Mez - Winner!

  • Race: Terran Terran
  • League: Master
  • Spawn Location: 11:00

VOD

Have the link to the VOD?

Description

Time

  • Played on: Aug. 10, 2019, 8:12 a.m.
  • Length: 10:44
Show
View Real Time Build Order
Export as new Build Order

Mez Terran - Winner!

Build Orders: Liberator Opening, Reaper Expand 

Get SALT Encoding   

  12  0:03  SCV  
  12  0:15  SCV  
  12  0:19  Supply Depot  
  12  0:27  SCV  
  12  0:40  SCV  
  12  0:41  Barracks  
  12  0:44  Refinery  
  12  0:52  SCV  
  12  1:04  SCV  
  12  1:17  SCV  
  12  1:29  Reaper, Orbital Command  
  12  1:43  Command Center  
  12  1:55  SCV, Supply Depot  
  12  2:02  Marine  
  12  2:07  SCV  
  12  2:20  Factory, SCV  
  12  2:23  Barracks Reactor  
  12  2:25  Refinery  
  12  2:32  SCV  
  12  2:44  SCV  
  12  2:56  SCV  
  12  2:57  Orbital Command  
  12  3:05  Starport  
  12  3:08  SCV  
  12  3:10  Hellion x2  
  12  3:12  Barracks Tech Lab  
  12  3:20  SCV  
  12  3:21  Supply Depot  
  12  3:24  SCV  
  12  3:25  Liberator  
  12  3:31  Hellion x2  
  12  3:32  SCV  
  12  3:37  SCV  
  12  3:38  Marine  
  12  3:44  SCV  
  12  3:47  Supply Depot  
  12  3:49  SCV  
  12  3:56  Hellion x2  
  12  3:57  SCV  
  12  4:01  Stimpack  
  12  4:05  SCV  
  12  4:09  SCV  
  12  4:12  Supply Depot  
  12  4:17  SCV  
  12  4:22  SCV  
  12  4:28  Command Center  
  12  4:32  SCV  
  12  4:34  SCV  
  12  4:40  Starport Reactor, Factory Reactor  
  12  4:41  Barracks  
  12  4:44  Barracks, Supply Depot  
  12  4:47  SCV x2  
  12  4:55  Marine  
  12  4:59  SCV x2  
  12  5:03  Engineering Bay x2  
  12  5:07  Refinery  
  12  5:08  Refinery  
  12  5:11  SCV x2  
  12  5:21  Marine  
  12  5:23  SCV x2  
  12  5:26  Supply Depot  
  12  5:27  Factory Reactor, Supply Depot  
  12  5:32  Terran Infantry Armor Level 1, Terran Infantry Weapons Level 1  
  12  5:34  Marine x2  
  12  5:36  SCV  
  12  5:39  Marine  
  12  5:40  Orbital Command  
  12  5:41  Marine  
  12  5:42  Marine  
  12  5:43  Medivac  
  12  5:46  Medivac  
  12  5:47  SCV  
  12  5:48  SCV  
  12  5:54  Supply Depot  
  12  5:59  Marine x4, Supply Depot  
  12  6:00  Marine  
  12  6:04  Combat Shield  
  12  6:06  Orbital Command  
  12  6:07  Widow Mine x2  
  12  6:17  Barracks  
  12  6:18  Barracks  
  12  6:19  Marine x4  
  12  6:28  SCV x2  
  12  6:33  Widow Mine x2, Marine  
  12  6:37  Marine  
  12  6:41  SCV x2, Armory  
  12  6:49  Supply Depot  
  12  6:54  Supply Depot  
  12  6:58  Supply Depot  
  12  6:59  SCV x3, Supply Depot  
  12  7:00  Marine x5  
  12  7:01  Widow Mine x2, Medivac  
  12  7:03  Medivac  
  12  7:08  Barracks Reactor x2  
  12  7:11  SCV x2  
  12  7:14  Factory  
  12  7:18  SCV  
  12  7:23  SCV  
  12  7:25  Supply Depot  
  12  7:26  SCV, Supply Depot  
  12  7:28  Marine x4  
  12  7:29  Refinery, Marine  
  12  7:31  Widow Mine, SCV  
  12  7:33  Widow Mine  
  12  7:38  Medivac x2  
  12  7:43  Terran Infantry Armor Level 2, Terran Infantry Weapons Level 2  
  12  7:46  Marine  
  12  7:50  Supply Depot  
  12  7:53  SCV x3, Supply Depot  
  12  7:57  Marine x6  
  12  7:59  Factory Tech Lab  
  12  8:02  Widow Mine x2  
  12  8:08  Medivac x2  
  12  8:12  Terran Vehicle And Ship Armor Level 1  
  12  8:18  Supply Depot  
  12  8:20  Supply Depot  
  12  8:22  Marine x9  
  12  8:24  Widow Mine  
  12  8:25  Widow Mine x2, Drilling Claws  
  12  8:40  Command Center  
  12  8:41  Marine x6  
  12  8:42  Marine x2, Medivac  
  12  8:44  Medivac  
  12  8:53  Widow Mine x3  
  12  8:58  Marine  
  12  8:59  Marine  
  12  9:05  Marine x4  
  12  9:07  Barracks  
  12  9:08  Barracks  
  12  9:09  Barracks  
  12  9:12  Marine  
  12  9:13  Marine  
  12  9:38  Marine  
  12  9:44  Starport  
  12  9:45  Fusion Core  
  12  9:46  Starport  
  12  9:52  Marine x3  
  12  9:55  Command Center  
  12  10:12  Missile Turret  
  12  10:13  Barracks Tech Lab x3  
  12  10:23  Ghost Academy  
  12  10:24  Starport Reactor  
  12  10:25  Factory, Starport Tech Lab  
Tags
 
Add a new tag
Caveats
  • Supply blocks, unpowered buildings, or Contaminate may cause inaccurate times.
  • Supply counts are checked every 10 seconds.